2246 views
Uploaded 2023-12-28 23:45:00
Game version 1.36 (6115)
15:01 long 1on1 custom game on (2)lastrefuge_s2_v1.5
Game name "deki"
Saved by dexon
2246 views
Uploaded 2023-12-28 23:45:00
Game version 1.36 (6115)
15:01 long 1on1 custom game on (2)lastrefuge_s2_v1.5
Game name "deki"

38 units @ 4.9k
/ 1k
13 buildings @ 2.2k
/ 0.9k


| Staff of Preservation | 1 | 150 |
| Scroll of Town Portal | 1 | 350 |
| Staff of Teleportation | 1 | 150 |
| total: | 3 | 650g |
| Wisp | 19 | 1140 | / | 0 |
| Archer | 5 | 650 | / | 50 |
| Dryad | 4 | 580 | / | 240 |
| Druid of the Claw | 9 | 2295 | / | 720 |
| Forest Troll Shadow Priest | 1 | 195 | / | 10 |
| total: | 38 | 4860g | / | 1020w |
| Altar of Elders | 1 | 180 | / | 50 |
| Moon Well | 6 | 1080 | / | 240 |
| Ancient of War | 1 | 150 | / | 60 |
| Hunter's Hall | 1 | 210 | / | 100 |
| Ancient of Wonders | 1 | 90 | / | 30 |
| Ancient of Lore | 3 | 465 | / | 435 |
| Tree of Ages | 1 | 320 | / | 180 |
| Tree of Eternity | 1 | 330 | / | 200 |
| total: | 13 | 2175g | / | 915w |
| 0:03 | Wisp |
| 0:03 | Wisp |
| 0:05 | Altar of Elders |
| 0:18 | Moon Well |
| 0:22 | Ancient of War |
| 0:31 | Wisp |
| 0:39 | Wisp |
| 0:53 | Wisp |
| 0:58 | Wisp |
| 1:15 | Wisp |
| 1:26 | Archer |
| 1:30 | Wisp |
| 1:35 | Moon Well |
| 1:39 | Wisp |
| 1:55 | Wisp |
| 2:09 | Mana Burn |
| 2:34 | Tree of Ages |
| 2:48 | Forest Troll Shadow Priest |
| 2:56 | Archer |
| 2:59 | Archer |
| 3:20 | Hunter's Hall |
| 3:35 | Evasion |
| 3:38 | Archer |
| 4:03 | Moon Well |
| 4:31 | Archer |
| 4:57 | Ancient of Lore |
| 4:59 | Ancient of Lore |
| 5:07 | Wisp |
| 5:07 | Wisp |
| 5:08 | Wisp |
| 5:09 | Ancient of Wonders |
| 5:30 | Mana Burn |
| 5:46 | Frost Arrows |
| 6:14 | Dryad |
| 6:16 | Dryad |
| 6:21 | Staff of Preservation |
| 6:43 | Abolish Magic |
| 6:44 | Moon Well |
| 7:09 | Tree of Eternity |
| 7:46 | Dryad |
| 7:48 | Forked Lightning |
| 7:58 | Strength of the Wild |
| 8:12 | Druid of the Claw Adept Training |
| 8:30 | Staff of Teleportation |
| 8:33 | Evasion |
| 8:56 | Druid of the Claw |
| 8:59 | Moon Well |
| 9:16 | Forked Lightning |
| 9:54 | Druid of the Claw |
| 9:56 | Druid of the Claw Master Training |
| 10:13 | Druid of the Claw |
| 10:15 | Moon Well |
| 10:48 | Scroll of Town Portal |
| 11:40 | Druid of the Claw |
| 11:40 | Druid of the Claw |
| 12:30 | Druid of the Claw |
| 12:31 | Ancient of Lore |
| 12:32 | Wisp |
| 12:32 | Wisp |
| 12:47 | Mana Burn |
| 13:07 | Frost Arrows |
| 13:22 | Druid of the Claw |
| 13:45 | Wisp |
| 13:45 | Wisp |
| 13:49 | Wisp |
| 13:50 | Wisp |
| 13:50 | Improved Strength of the Wild |
| 13:53 | Dryad |
| 13:55 | Druid of the Claw |
| 14:38 | Forked Lightning |
| 14:54 | Druid of the Claw |
| Right click | 777 |
| Select | 274 |
| Select group | 219 |
| Build/train/purchase | 91 |
| Assign group | 55 |
| Use ability | 47 |
| Item give/drop | 7 |
| Esc | 4 |
| Misc. action | 1 |
29 units @ 4.4k
/ 0.5k
17 buildings @ 1.9k
/ 0.8k


| Scroll of Regeneration | 1 | 100 |
| Lesser Clarity Potion | 3 | 210 |
| Potion of Healing | 1 | 150 |
| Scroll of Healing | 1 | 250 |
| Scroll of Town Portal | 1 | 350 |
| Circlet of Nobility | 2 | 350 |
| Boots of Speed | 1 | 250 |
| Potion of Lesser Invulnerability | 1 | 150 |
| total: | 11 | 1810g |
| Peasant | 9 | 675 | / | 0 |
| Footman | 3 | 405 | / | 0 |
| Rifleman | 10 | 2050 | / | 300 |
| Priest | 2 | 270 | / | 20 |
| Sorceress | 1 | 155 | / | 20 |
| Spell Breaker | 3 | 645 | / | 90 |
| Mortar Team | 1 | 180 | / | 70 |
| total: | 29 | 4380g | / | 500w |
| Altar of Kings | 1 | 180 | / | 50 |
| Barracks | 1 | 160 | / | 60 |
| Farm | 9 | 720 | / | 180 |
| Blacksmith | 1 | 140 | / | 60 |
| Arcane Vault | 1 | 130 | / | 30 |
| Lumber Mill | 1 | 120 | / | 0 |
| Arcane Sanctum | 1 | 150 | / | 140 |
| Workshop | 2 | 280 | / | 280 |
| Keep | 2 | 640 | / | 420 |
| Castle | 1 | 360 | / | 210 |
| total: | 17 | 1880g | / | 800w |
| 0:01 | Peasant |
| 0:01 | Peasant |
| 0:07 | Altar of Kings |
| 0:13 | Barracks |
| 0:18 | Farm |
| 0:24 | Peasant |
| 0:37 | Peasant |
| 0:48 | Peasant |
| 0:55 | Farm |
| 1:15 | Footman |
| 1:16 | Peasant |
| 1:34 | Footman |
| 1:38 | Peasant |
| 1:57 | Peasant |
| 2:07 | Summon Water Elemental |
| 2:17 | Peasant |
| 2:25 | Farm |
| 2:49 | Keep |
| 3:13 | Footman |
| 3:18 | Blacksmith |
| 3:22 | Brilliance Aura |
| 3:33 | Arcane Vault |
| 3:43 | Lumber Mill |
| 3:48 | Circlet of Nobility |
| 3:55 | Boots of Speed |
| 5:13 | Arcane Sanctum |
| 5:21 | Farm |
| 5:26 | Circlet of Nobility |
| 5:37 | Rifleman |
| 6:17 | Rifleman |
| 6:18 | Priest |
| 6:34 | Rifleman |
| 6:50 | Storm Bolt |
| 7:02 | Scroll of Regeneration |
| 7:02 | Lesser Clarity Potion |
| 7:15 | Rifleman |
| 7:34 | Farm |
| 7:39 | Black Gunpowder |
| 7:46 | Long Rifles |
| 8:08 | Rifleman |
| 8:10 | Priest |
| 8:29 | Rifleman |
| 8:32 | Farm |
| 8:41 | Bash |
| 8:58 | Summon Water Elemental |
| 9:03 | Rifleman |
| 9:07 | Refined Gunpowder |
| 9:47 | Sorceress |
| 9:48 | Farm |
| 10:10 | Studded Leather Armor |
| 10:16 | Scroll of Healing |
| 10:20 | Potion of Lesser Invulnerability |
| 11:58 | Rifleman |
| 12:00 | Spell Breaker |
| 12:02 | Farm |
| 12:08 | Workshop |
| 12:28 | Workshop |
| 12:37 | Spell Breaker |
| 12:39 | Rifleman |
| 12:46 | Potion of Healing |
| 13:15 | Scroll of Town Portal |
| 13:17 | Lesser Clarity Potion |
| 13:46 | Castle |
| 13:48 | Storm Bolt |
| 13:54 | Brilliance Aura |
| 14:46 | Rifleman |
| 14:47 | Mortar Team |
| 14:48 | Spell Breaker |
| 14:49 | Farm |
| 14:55 | Lesser Clarity Potion |
| Right click | 674 |
| Select group | 303 |
| Select | 293 |
| Build/train/purchase | 89 |
| Assign group | 40 |
| Misc. action | 32 |
| Use ability | 13 |
| Item give/drop | 5 |
| Chat | 4 |
| Esc | 1 |